 Dungeon Crawl Stone Soup version 0.30-a0-800-g7c544603b3 (webtiles) character file.

Game seed: 12229415428394721640

95 Aneyh the Poker (level 4, -3/28 HPs)
             Began as a Tengu Monk on Feb 22, 2023.
             Succumbed to an orc's poison
             ... on level 3 of the Dungeon.
             The game lasted 00:03:18 (1388 turns).

Aneyh the Poker (Tengu Monk)                        Turns: 1388, Time: 00:03:19

Health: -3/28      AC:  2    Str: 13    XL:     4   Next: 65%
Magic:  5/5        EV: 13    Int: 11    God:
Gold:   48         SH:  0    Dex: 16    Spells: 3/3 levels left

rFire   . . .      SeeInvis .    a - +0 spear
rCold   . . .      Faith    .    (no shield)
rNeg    . . .      Spirit   .    b - +0 robe
rPois   .          Reflect  .    (helmet restricted)
rElec   .          Harm     .    (no cloak)
rCorr   .          Rampage  .    (no gloves)
Will    .....                    (boots unavailable)
Stlth   ++                       (no amulet)
HPRegen 0.24/turn                (no ring)
MPRegen 0.09/turn                (no ring)

@: lethally poisoned (-3 -> -21), hasted, very quick
A: beak, talons 3
a: no special abilities


You were on level 3 of the Dungeon.
You visited 1 branch of the dungeon, and saw 3 of its levels.

You collected 48 gold pieces.

Inventory:

Hand Weapons
 a - a +0 spear (weapon)
 g - a +0 rapier
Armour
 b - a +0 robe (worn)
Scrolls
 c - a scroll of enchant weapon {unknown}
 f - a scroll of blinking {unknown}
 h - 2 scrolls of fear {unknown}
 k - a scroll of amnesia {unknown}
Potions
 d - a potion of haste
 e - 2 potions of attraction {unknown}
 i - a potion of degeneration {unknown}
 j - a potion of mutation {unknown}


   Skills:
 - Level 3.0 Fighting
 + Level 5.8 Polearms
 - Level 3.2 Dodging
 - Level 2.0 Stealth


You had 3 spell levels left.
You didn't know any spells.
Your spell library contained the following spells:

 Spells                   Type           Power      Damage    Failure   Level
 Sandblast                Erth           0%         2d4       34%         1
 Passwall                 Tmut/Erth      0%         N/A       47%         2
 Dazzling Flash           Conj/Hex       0%         N/A       71%         3
 Stone Arrow              Conj/Erth      0%         3d7       71%         3
 Agony                    Necr           0%         N/A       100%        5
 Silence                  Hex/Air        0%         N/A       100%        5


Dungeon Overview and Level Annotations

Branches:
Dungeon (3/15)

Altars:

Shops:
D:1 [?[

Annotations:
D:2 Sigmund


Innate Abilities, Weirdness & Mutations

You have a beak for a mouth.
You have claws for feet.


Message History

No target in view!
No target in view!
No target in view!
You now have 48 gold pieces (gained 4).
Found a stone staircase leading up.
No target in view!
No target in view!
No target in view! 2 orcs come into view.
An orc is wielding a +1 trident of venom.
There are monsters nearby!
You reach to attack!
The helpless orc fails to defend itself.
You hit the orc.
The orc is severely wounded.
The orc hits you from afar with a +1 trident of venom.
You are poisoned.
You reach to attack!
You closely miss the orc.
The orc is severely wounded.
You feel very sick.
The orc hits you from afar with a +1 trident of venom.
You are more poisoned.
You reach to attack!
You barely miss the orc.
The orc is severely wounded.
You feel very sick. The orc closely misses you.
You feel very sick.
The orc hits you with a +1 trident of venom!
You are more poisoned.
You closely miss the orc.
The orc is severely wounded.
* * * LOW HITPOINT WARNING * * *
You feel very sick. The orc closely misses you.
You hit the orc.
You kill the orc!
* * * LOW HITPOINT WARNING * * *
You feel very sick.
It was a potion of haste.
You feel yourself speed up.
You die...

#....####.............
###..# #########....#
####.#### #....#..
#....#..### #.##.#..
#.####....# #.##.#..
#.#####.#.# #+##...#
#.......#.# .....###
#########.# .....#
#..)@....# .....#
#.###.$..# #...##
#......# ### .
#.##...# #.. #. <...#
#.. # #.#..# #..
.o##.# ### ### ..


There were no monsters in sight!

Vanquished Creatures
  Natasha (D:2)
  3 gnolls
  A worm (D:3)
  2 dart slugs
  2 orcs (D:3)
  An endoplasm (D:1)
  3 giant cockroaches
  2 goblins
  2 hobgoblins
  2 quokkas
  3 ball pythons (D:1)
  7 bats
  3 frilled lizards (D:1)
  3 kobolds
  3 rats
38 creatures vanquished.

Notes
Turn   | Place    | Note
-------+----------+-------------------------------------------
     0 | D:1      | Aneyh the Tengu Monk began the quest for the Orb.
     0 | D:1      | Reached XP level 1. HP: 14/14 MP: 2/2
   105 | D:1      | Found Roaxich's Magic Scroll Boutique.
   137 | D:1      | Reached XP level 2. HP: 17/19 MP: 3/3
   152 | D:1      | Reached skill level 4 in Polearms
   173 | D:1      | Found Xeaxitz's Armour Shop.
   221 | D:1      | Found Sobliana's Antique Armour Shoppe.
   414 | D:2      | Reached XP level 3. HP: 23/23 MP: 4/4
   547 | D:2      | Reached skill level 5 in Polearms
   621 | D:2      | Reached XP level 4. HP: 3/28 MP: 5/5
   881 | D:2      | Noticed Sigmund
  1091 | D:2      | Noticed Natasha
  1099 | D:2      | Killed Natasha
  1387 | D:3      | HP: 1/28 [poisoned by an orc]
  1388 | D:3      | Succumbed to an orc's poison

Illustrated notes

Levels and vault maps discovered:
D:1:      saegor_arrival_simple_d, layout_rooms, serial_shops,
          nicolae_shop_behind_doors, nicolae_shop_behind_doors, shop_statue
D:2:      layout_loops_ring, minmay_goblin_outpost, uniq_natasha, uniq_sigmund
D:3:      minmay_spotlight, layout_basic

Skill      XL: |  1  2  3 |
---------------+----------+-----
Polearms       | 4 5 |  5.8
Fighting       | |  3.0
Dodging        | |  3.2
Stealth        | |  2.0

Action                     |  1- 3 |  4- 6 || total
---------------------------+-------+-------++-------
  Melee: Spear             |    82 |    38 ||   120
         Kick              |    12 |     6 ||    18
         Peck              |     5 |     3 ||     8
         Punch             |       |     1 ||     1
    Use: Potion            |       |     2 ||     2
   Stab: Sleeping          |     5 |     3 ||     8
 Armour: Robe              |     8 |     4 ||    12
  Dodge: Dodged            |    30 |    13 ||    43

Table legend: (Time is in decaauts)
 A = Elapsed time spent in this place.
 B = Non-inter-level travel time spent in this place.
 C = Inter-level travel time spent in this place.
 D = Time resting spent in this place.
 E = Time spent auto-exploring this place.
 F = Levels seen in this place.
 G = Mean time per level.
                   A        B        C        D        E       F      G
               +--------+--------+--------+--------+--------+-----+--------+
         Total |   1375 |   1293 |     82 |    263 |    602 |   3 |  458.3 |
       Dungeon |   1375 |   1293 |     82 |    263 |    602 |   3 |  458.3 |
               +--------+--------+--------+--------+--------+-----+--------+

Top non-repeatable levels by time:
     D:2: 616 daAuts
     D:1: 583 daAuts
     D:3: 175 daAuts
